 Dungeon Crawl Stone Soup version 0.30-a0-4-ga7cffc901d (webtiles) character file.

Game seed: 7688669981319404973

336 Setbun the Sneak (level 6, -5/36 HPs)
             Began as a Kobold Enchanter on Aug 20, 2022.
             Slain by Duvessa
             ... wielding a +0 short sword
              (10 damage)
             ... on level 4 of the Dungeon.
             The game lasted 00:06:03 (3854 turns).

Setbun the Sneak (Kobold Enchanter)                 Turns: 3854, Time: 00:06:03

Health: -5/36      AC:  3    Str:  5    XL:     6   Next: 84%
Magic:  5/10       EV: 16    Int: 16    God:
Gold:   186        SH:  0    Dex: 18    Spells: 6/11 levels left

rFire   . . .      SeeInvis +    m - +2 dagger (vamp)
rCold   . . .      Faith    .    (no shield)
rNeg    . . .      Spirit   .    b - +0 robe
rPois   .          Reflect  .    e - +0 helmet
rElec   .          Harm     .    (no cloak)
rCorr   .          Rampage  .    (no gloves)
Will    .....                    (no boots)
Stlth   ++++......               (no amulet)
HPRegen 0.12/turn                h - ring of see invisible
MPRegen 0.12/turn                (no ring)

@: confusing by touch
A: small, no large weapons, nightstalker 3
a: no special abilities


You were on level 4 of the Dungeon.
You visited 1 branch of the dungeon, and saw 4 of its levels.

You collected 186 gold pieces.

Inventory:

Hand Weapons
 a - a +1 dagger
 m - a +2 vampiric dagger (weapon)
Armour
 b - a +0 robe (worn)
 e - a +0 helmet (worn)
Jewellery
 h - a ring of see invisible (left hand)
 n - a ring of fire
Wands
 l - a wand of roots (9)
Scrolls
 f - 3 scrolls of noise {unknown}
 g - a scroll of immolation {unknown}
 i - a scroll of magic mapping {unknown}
 k - 3 scrolls of identify {unknown}
 q - a scroll of teleportation {unknown}
 r - a scroll of enchant weapon {unknown}
 t - a scroll of poison {unknown}
 u - a scroll of enchant armour {unknown}
Potions
 c - 2 potions of invisibility
 d - 3 potions of curing
 j - a potion of attraction {unknown}
 o - a potion of degeneration {unknown}
 p - a potion of flight {unknown}
 s - a potion of lignification {unknown}


   Skills:
 + Level 2.6 Fighting
 + Level 3.7 Short Blades
 + Level 3.9 Dodging
 + Level 5.4 Stealth
 + Level 3.2 Spellcasting
 + Level 3.9 Hexes


You had 6 spell levels left.
You knew the following spells:

 Your Spells              Type           Power      Damage    Failure   Level
a - Ensorcelled Hibernat  Hex/Ice        16%        N/A       12%         2
b - Confusing Touch       Hex            15%        N/A       11%         3

Your spell library contained the following spells:

 Spells                   Type           Power      Damage    Failure   Level
 Slow                     Hex            60%        N/A       3%          1
 Tukima's Dance           Hex            15%        N/A       11%         3
 Dazzling Flash           Conj/Hex       16%        N/A       24%         3
 Vampiric Draining        Necr           2%         2d6       50%         3


Dungeon Overview and Level Annotations

Branches:
Dungeon (4/15)
 Temple: D:4-7

Altars:
Ashenzari

Shops:
D:3 (

Annotations:
D:4 Duvessa


Innate Abilities, Weirdness & Mutations

You are small and have problems with some larger weapons.
You are completely attuned to the shadows.


Message History

HP restored.
You now have 186 gold pieces (gained 9).
Duvessa, Sister of Dowan comes into view.
She is wielding a +0 short sword.
Duvessa is nearby!
Duvessa is nearby!
Dowan, Brother of Duvessa comes into view.
He is wielding a +0 dagger, wearing a +2 robe of willpower and carrying a wand of quicksilver (13).
Dowan shouts!
Dowan says, "Magic and the sword, together, will defeat you."
Duvessa shouts!
Dowan zaps a wand.
The bolt of dispelling energy hits you! Duvessa hits you with a +0 short sword!
Casting: Ensorcelled Hibernation (safe; 13% risk of failure)
Confirm with . or Enter, or press ? or * to list all spells.
Aiming: Ensorcelled Hibernation (safe; 13% risk of failure)
Press: ? - help, Shift-Dir - straight line, f - Dowan
Aim: Dowan, wielding a +0 dagger, wearing a +2 robe of willpower and carrying a wand of quicksilver (12) (chance to affect: 13%) Dowan looks drowsy...
Duvessa hits you with a +0 short sword!
* * * LOW HITPOINT WARNING * * *
The helpless Dowan fails to defend himself.
You impale Dowan!!
You kill Dowan!
Duvessa weeps, and shakes her weapon.
Duvessa goes berserk!
Duvessa hits you with a +0 short sword.
* * * LOW HITPOINT WARNING * * *
Casting: Ensorcelled Hibernation (safe; 12% risk of failure)
Confirm with . or Enter, or press ? or * to list all spells.
You can't see any susceptible monsters within range! (Use Z to cast anyway.) Unknown command.
Casting: Ensorcelled Hibernation (safe; 12% risk of failure)
Confirm with . or Enter, or press ? or * to list all spells.
You can't see any susceptible monsters within range! (Use Z to cast anyway.)
Casting: Ensorcelled Hibernation (safe; 12% risk of failure)
Confirm with . or Enter, or press ? or * to list all spells.
The spell is quite dangerous to miscast (11% risk of failure)!
Continue anyway?
Okay, then.
Casting: Confusing Touch (quite dangerous; 11% risk of failure)
Confirm with . or Enter, or press ? or * to list all spells.
The spell is quite dangerous to miscast (11% risk of failure)!
Continue anyway?
Your hands begin to glow red.
Duvessa hits you with a +0 short sword!
You die...

#.....##
#........
#........
#..e..... ...
#)@..... ....##
##..### .....##
#....## ......#
#......##
..#....†
#..##...##
...###<.. ..#
##...##...##..).
##......###..#.
##.....##.....
##....##..##.


You could see Duvessa (berserk).

Vanquished Creatures
  Dowan (D:4)
  3 orc priests (D:3)
  An orc wizard (D:3)
  A gnoll (D:3)
  8 adders
  A worm (D:2)
  11 orcs
  6 ball pythons
  7 bats
  6 endoplasms
  4 giant cockroaches
  5 goblins
  4 hobgoblins
  4 jackals (D:1)
  9 kobolds
  3 quokkas
  4 frilled lizards
  6 rats
84 creatures vanquished.

Notes
Turn   | Place    | Note
-------+----------+-------------------------------------------
     0 | D:1      | Setbun the Kobold Enchanter began the quest for the Orb.
     0 | D:1      | Reached XP level 1. HP: 10/10 MP: 3/3
   341 | D:1      | Reached XP level 2. HP: 15/15 MP: 5/5
   732 | D:1      | Reached XP level 3. HP: 20/20 MP: 6/6
   738 | D:1      | You fall into a shaft and drop 1 floor!
   778 | D:2      | Reached skill level 1 in Fighting
  1229 | D:2      | Learned a level 2 spell: Ensorcelled Hibernation
  1233 | D:2      | Learned a level 3 spell: Confusing Touch
  1300 | D:2      | Reached XP level 4. HP: 17/25 MP: 7/7
  2407 | D:3      | Reached XP level 5. HP: 29/29 MP: 4/9
  2473 | D:3      | Reached skill level 5 in Stealth
  2600 | D:3      | Found Itotiat's Antique Weapon Shoppe.
  3070 | D:3      | Reached XP level 6. HP: 35/35 MP: 7/10
  3311 | D:3      | Found a broken altar of Ashenzari.
  3847 | D:4      | Noticed Duvessa
  3849 | D:4      | Noticed Dowan
  3853 | D:4      | Killed Dowan
  3854 | D:4      | Slain by Duvessa

Illustrated notes

Levels and vault maps discovered:
D:1:      dpeg_arrival_signposts, layout_rooms
D:2:      kennysheep_big_flooded_room, layout_rooms
D:3:      minmay_bubble_buster, layout_loops_cross, evilmike_ruin_ashenzari,
          serial_shops, nicolae_lakefront_shop
D:4:      layout_layer_cave, minmay_temple_entry_grid, nicolae_alphabet_shops,
          wad_orctagon, uniq_crazy_yiuf_cottage, uniq_robin, uniq_duvessa

Skill      XL: |  1  2  3  4  5 |
---------------+----------------+-----
Short Blades   | 2 3 |  3.7
Fighting       | 1 2 |  2.6
Dodging        | 3 |  3.9
Stealth        | 5 |  5.4
Spellcasting   | 3 |  3.2
Hexes          | |  3.9

Action                   |  1- 3 |  4- 6 || total
-------------------------+-------+-------++-------
Melee: Dagger            |    98 |   133 ||   231
       Punch             |     2 |     1 ||     3
 Cast: Ensorcelled Hiber |       |    20 ||    20
       Confusing Touch   |       |     1 ||     1
  Use: Potion            |       |     1 ||     1
 Stab: Sleeping          |    14 |    25 ||    39
       Distracted        |       |     2 ||     2
Armor: Robe              |     7 |     9 ||    16
Dodge: Dodged            |    55 |   105 ||   160

Table legend: (Time is in decaauts)
 A = Elapsed time spent in this place.
 B = Non-inter-level travel time spent in this place.
 C = Inter-level travel time spent in this place.
 D = Time resting spent in this place.
 E = Time spent auto-exploring this place.
 F = Levels seen in this place.
 G = Mean time per level.
                   A        B        C        D        E       F      G
               +--------+--------+--------+--------+--------+-----+--------+
         Total |   3824 |   3740 |     84 |   1140 |   2017 |   4 |  956.0 |
       Dungeon |   3824 |   3740 |     84 |   1140 |   2017 |   4 |  956.0 |
               +--------+--------+--------+--------+--------+-----+--------+

Top non-repeatable levels by time:
     D:2: 1577 daAuts
     D:3: 1382 daAuts
     D:1: 735 daAuts
     D:4: 129 daAuts
